 Dungeon Crawl Stone Soup version 0.31-a0-174-g85c54bcb58 (webtiles) character file.

Game seed: 2999691122583617091

46 qw the Shooter (level 3, -4/22 HPs)
             Began as a Gargoyle Hunter on June 15, 2023.
             Slain by Sigmund
             ... wielding a +0 scythe
              (5 damage)
             ... on level 2 of the Dungeon.
             The game lasted 00:00:25 (1218 turns).

qw the Shooter (Gargoyle Hunter)                    Turns: 1218, Time: 00:00:26

Health: -4/22      AC:  8    Str: 14    XL:     3   Next: 68%
Magic:  3/3        EV: 10    Int:  9    God:
Gold:   71         SH:  0    Dex: 15    Spells: 2/2 levels left

rFire   . . .        Y - +0 shortbow
rCold   . . .        (shield currently unavailable)
rNeg    + . .        e - +0 ring mail
rPois   inf          (no helmet)
rElec   +            (no cloak)
rCorr   .            (no gloves)
SInv    .            (no boots)
Will    .....        (no amulet) Stlth
                     (no ring)
HPRegen 0.23/turn    (no ring)
MPRegen 0.08/turn

%: no passive effects
@: confused
A: sickness immunity, AC +3, negative energy resistance 1, electricity
resistance, torment resistance 1, petrification resistance
a: no special abilities


You were on level 2 of the Dungeon.
You visited 1 branch of the dungeon, and saw 2 of its levels.

You collected 71 gold pieces.


Innate Abilities, Weirdness & Mutations

You are immune to sickness and miasma.
Your stone body is resilient. (AC +3)
You are immune to poison.
You resist negative energy. (rN+)
You are resistant to electric shocks. (rElec)
You are resistant to unholy torment.
You are immune to petrification.


   Skills:
 + Level 2.5 Fighting
 - Level 5.0 Ranged Weapons
 - Level 1.0 Armour
 - Level 1.5 Dodging
 - Level 1.1 Stealth


You had 2 spell levels left.
You didn't know any spells.
Your spell library was empty.

Inventory:

Hand Weapons
 Y - a +0 shortbow (weapon)
Armour
 e - a +0 ring mail (worn)

Dungeon Overview and Level Annotations

Branches:
Dungeon (2/15)

Altars:

Annotations:
D:2 Sigmund


Message History

1199 ||| FLEEEEING.
1200 ||| FLEEEEING.
1201 ||| FLEEEEING.
1206 ||| FLEEEEING.
Sigmund drinks a potion.
Sigmund seems to speed up.
You shoot an arrow.
The arrow hits Sigmund but does no damage.
Sigmund is moderately wounded.
Sigmund casts a spell at you.
You are confused.
Sigmund gestures at you while chanting. The puff of flame hits you!
Ouch! That really hurt!
Sigmund points at you and mumbles some strange words.
You resist with significant effort.
Sigmund breathes a few words.
Sigmund's hands start flickering wildly.
Sigmund closely misses you. The goblin closely misses you.
Sigmund barely misses you. The goblin closely misses you.
Sigmund hits you but does no damage. The goblin hits you but does no damage.
You feel less confused.
Sigmund breathes a few words.
Sigmund's hands start flickering wildly.
Sigmund closely misses you. The goblin barely misses you.
You shoot an arrow. The arrow barely misses Sigmund.
Sigmund hits you from afar with a +0 scythe.
The goblin closely misses you.
You shoot an arrow.
The arrow hits Sigmund but does no damage.
Sigmund is moderately wounded.
Sigmund gestures at you while chanting.
You are confused.
The goblin hits you but does no damage.
A frilled lizard comes into view.
Sigmund casts a spell at you.
You are more confused.
The frilled lizard hisses angrily.
Sigmund completely misses you. The goblin barely misses you.
Sigmund hits you from afar with a +0 scythe.
You die...

. #.# ... ###.# ..
....##...# ..
#.......## ###.
#^.l.## #..
##.#...####.#
#..##..@.##.##
#.....###..g.....#
##.##. ###..@...#
# @. #####....#
..# .) #....# .##
#.####.## .g
.###..).#..#####
..
....###.........#
###..%..........#
.......%.........
#######)#########


You could see Sigmund (fast), a goblin and a frilled lizard.

Vanquished Creatures
  A worm (D:1)
  3 dart slugs (D:1)
  6 ball pythons
  5 endoplasms
  2 hobgoblins (D:1)
  4 jackals
  2 quokkas
  A bat (D:2)
  4 goblins
  4 kobolds
32 creatures vanquished.

Notes
Turn   | Place    | Note
-------+----------+-------------------------------------------
     0 | D:1      | qw the Gargoyle Hunter began the quest for the Orb.
     0 | D:1      | Reached XP level 1. HP: 12/12 MP: 1/1
     0 | D:1      | 0 ||| qw: Version: 0.2-a-29-g511e9b1
     0 | D:1      | 0 ||| qw: Game counter: 5430
     0 | D:1      | 0 ||| qw: Always use a shield: true
     0 | D:1      | 0 ||| qw: God list: Okawaru
     0 | D:1      | 0 ||| qw: Allow faded altars: false
     0 | D:1      | 0 ||| qw: Do Orc after D:15 true
     0 | D:1      | 0 ||| qw: Do second Lair branch before Depths: true
     0 | D:1      | 0 ||| qw: Lair rune preference: random
     0 | D:1      | 0 ||| qw: Plans: Normal, Zot:1-4, Slime:5, God:TSO, Crypt,
                  | Tomb, Abyss, Pan, Hells, Win
     0 | D:1      | 0 ||| PLANNING D:1-11
    68 | D:1      | Reached XP level 2. HP: 17/17 MP: 2/2
   309 | D:1      | Reached XP level 3. HP: 21/21 MP: 3/3
   498 | D:1      | Reached skill level 5 in Ranged Weapons
   849 | D:1      | 849 ||| UPGRADING to +0 ring mail.
   859 | D:1      | 859 ||| DROPPING +0 leather armour.
   860 | D:1      | 860 ||| READING scroll labelled SINYNK TAIMOPH.
   861 | D:1      | 861 ||| READING scroll labelled DUNERGH KAWOONE.
   862 | D:1      | 862 ||| READING scroll labelled EMUDONW WOXTUNA.
   963 | D:1      | 963 ||| DROPPING scroll of butterflies.
   995 | D:2      | 995 ||| STAIRDANCE
  1002 | D:1      | Reached skill level 1 in Armour
  1032 | D:2      | 1032 ||| STAIRDANCE
  1038 | D:1      | HP: 5/21 [worm (6)]
  1040 | D:1      | HP: 1/21 [worm (4)]
  1197 | D:2      | Noticed Sigmund
  1199 | D:2      | 1199 ||| FLEEEEING.
  1200 | D:2      | 1200 ||| FLEEEEING.
  1201 | D:2      | 1201 ||| FLEEEEING.
  1206 | D:2      | 1206 ||| FLEEEEING.
  1208 | D:2      | HP: 4/22 [Sigmund/puff of flame (12)]
  1215 | D:2      | HP: 1/22 [Sigmund/+0 scythe (5)]
  1218 | D:2      | Slain by Sigmund

Levels and vault maps discovered:
D:1:      evilmike_arrival_rings, layout_basic
D:2:      layout_rooms, basic_altar, uniq_terence, uniq_crazy_yiuf_cottage,
          uniq_sigmund

Skill      XL: |  1  2  3 |
---------------+----------+-----
Ranged Weapons | 5 |  5.0
Armour         | 1 |  1.0
Fighting       | |  2.5
Dodging        | |  1.5
Stealth        | |  1.1

Action                     || total
---------------------------++-------
   Fire: Shortbow          ||    97
    Use: Scroll            ||     3
 Armour: Leather armour    ||     6
         Ring mail         ||    18
  Dodge: Dodged            ||    26

Table legend:
 A = Non-vault XP
 B = Vault XP
 C = Vault XP percentage of total XP
 D = Non-vault monster count
 E = Vault monster count
 F = Vault count percentage of total count
                 A         B        C        D         E       F
            +---------+---------+-------+---------+---------+-------
      Total |      67 |       0 |   0.0 |      32 |       0 |   0.0
            +---------+---------+-------+---------+---------+-------
        D:1 |      51 |       0 |   0.0 |      23 |       0 |   0.0
        D:2 |      16 |       0 |   0.0 |       9 |       0 |   0.0
            +---------+---------+-------+---------+---------+-------
